Mr T, chaotic female human Rogue --------------- ----- |.............-## |...| #################################### |.............| # |...-######------------ ------------ # |.............| ### |...| #...........|##` +....<.....| ##` ------ |.............| # |...+ #|..........-## |...{......| # |....| |..............# ##`|...| #|..........|# ##...........+# ##+.$..| ------------.--# #-....######------------ ## --.---------# #|[...| # # --|-- ##############`## # # #------ #### ## # ### # # ## ## # # # # # # ### # # #d#######`################# # ## # # @ # # ---.-# ########### ######### # ### |...|# ###--------- --------# -.---|---- # |...|# #-.....{.| |......-####-........| ##-...|# |........#######.......|# |........| |...-# |.......| |....>..# |........| |...| |.......| |.....{| |........| ----- --------- -------- ---------- Mr T the Cutpurse Experience level: 3 Strength: 16 Dexterity: 18 Constitution: 12 Intelligence: 7 Wisdom: 13 Charisma: 9 Health: 0(24) Energy: 11(11) Def: 8 Gold: 164 Moves: 1070 Dungeon seed: 4BVX3D9osXSOhuof Game ID: Mr T_1613057359 Your Inventory: Coins $ - 164 gold pieces Weapons a - a blessed +0 short sword b - 10 +0 daggers (in quiver) h - a +0 orcish dagger (weapon in hand) k - 12 +1 darts l - 46 +0 darts o - a cursed +0 dagger Armor e - an uncursed +1 leather armor n - an uncursed +0 orcish helm (being worn) q - an uncursed +0 elven mithril-coat (being worn) r - an uncursed +0 pair of high boots (being worn) Comestibles i - an uncursed lichen corpse Scrolls j - an uncursed scroll of taming Potions c - an uncursed potion of sickness g - an uncursed potion of restore ability Rings m - a cursed ring of polymorph Tools d - an uncursed lock pick f - an uncursed sack Gems y - an uncursed aquamarine stone Spells and supernatural/magical abilities: Name Level Category Fail Memory W - pray for help -- divine ? -- Your skills at the end: Fighting Skills Weapon Skills dagger [Basic] short sword [Basic] Spellcasting Skills Final Attributes: You were piously aligned. You were stealthy. You are dead. Vanquished creatures: a kitten a hobbit 2 giant rats a yellow mold 7 jackals a fox a kobold a goblin 2 grid bugs a lichen a newt 19 creatures vanquished. Voluntary challenges: You were an atheist. You used a wielded weapon 13 times, starting on turn 15. You were illiterate. You never genocided any monsters. You never polymorphed an object. You never changed form. You used no wishes. You never split a pudding. You never wrote Elbereth's name. You never violated your personal moral code. Dungeon overview: The Dungeons of Doom: levels 1 to 3 Level 1 a long staircase Level 2 <- You were here an armor shop, some fountains Level 3 History has recorded: On T:1 you entered the Dungeons of Doom to retrieve the Amulet of Yendor! On T:218 you reached level 2 of The Dungeons of Doom. On T:333 you reached level 3 of The Dungeons of Doom. On T:356 you advanced to experience level 2. On T:1039 you advanced to experience level 3. Score breakdown: Gold: 164 ( 7543 points) Experience: 3 levels ( 7878 points) Exploration: 3 levels ( 6.25%) ( 6188 points) Discoveries: 1 item ( 0.34%) ( 1737 points) Valuables value: (no points given unless you survive) Artifact value: 0 ( 0 points) Variety of kills: 11 monsters ( 2.89%) ( 5097 points) Turncount: 1070 turns ( 0 points) Survival: died (score multiplied by 80%) Total score: 22754 Latest messages: The fox misses. You kill the fox! Welcome to experience level 3. There are a few objects here. y - a green gem. This fox corpse tastes terrible! You finish eating the fox corpse. You hear the footsteps of a guard on patrol. The coyote just misses! The coyote bites! The coyote misses. You miss the coyote. The coyote bites! (2x) You hit the coyote. The coyote bites! (3x) The coyote misses. The coyote bites! You die... The sack is empty. The sack is empty. Final status: Goodbye Mr T the Rogue, killed by a coyote... You died in The Dungeons of Doom on dungeon level 2 with 22754 points, and 164 pieces of gold, after 1070 moves. You were level 3 with a maximum of 24 hit points when you died.